 Dungeon Crawl Stone Soup version 0.21.1-1-g345015f (webtiles) character file.

3356 Mgcat the Basher (level 9, -8/97 HPs)
             Began as a Troll Fighter on Feb 9, 2018.
             Was a Follower of Ru.
             Killed by divine providence
             ... invoked by an orc priest
              (14 damage)
             ... on level 8 of the Dungeon.
             The game lasted 00:20:48 (6816 turns).

Mgcat the Basher (Troll Fighter)                    Turns: 6816, Time: 00:20:49

Health: -8/97      AC:  5    Str: 26    XL:     9   Next: 73%
Magic:  8/8        EV: 13    Int:  4    God:    Ru [*.....]
Gold:   494        SH:  9    Dex: 17    Spells: 8/8 levels left

rFire    . . .     SeeInvis .   d - +4 flail (holy)
rCold    . . .     Gourm    +   c - +0 shield
rNeg     . . .     Faith    .   b - +0 robe
rPois    +         Spirit   .   (helmet restricted)
rElec    .         Reflect  .   (no cloak)
rCorr    .         Harm     .   (gloves unavailable)
MR       .....                  (boots unavailable)
Stlth    +++.......             p - amulet of the gourmand {Gourm, !d}
HPRegen  0.66/turn              r - ring of flight {+Fly, !d}
MPRegen  0.11/turn              H - ring of poison resistance {rPois, !d}

@: agile, flying
A: large, unfitting armour, claws 3, fast metabolism 3, gourmand, regeneration
1, shaggy fur 1, tough skin 2, hated by all
a: Renounce Religion


You were on level 8 of the Dungeon.
You worshipped Ru.
Ru was aware of your devotion.
You were completely stuffed.

You visited 2 branches of the dungeon, and saw 9 of its levels.
You also visited: Sewer and Ossuary.

You collected 494 gold pieces.

Inventory:

Hand Weapons
 a - a +0 flail
 d - a +4 flail of holy wrath (weapon)
   (You took it off an orc on level 3 of the Dungeon)
Missiles
 l - 6 javelins
 u - 2 tomahawks (quivered)
 v - 2 silver tomahawks
 C - 3 throwing nets {=f, !d}
Armour
 b - a +0 robe (worn)
 c - a +0 shield (worn)
Jewellery
 p - an amulet of the gourmand (around neck) {Gourm, !d}
   (You found it on level 3 of the Dungeon)
 r - a ring of flight (left claw) {+Fly, !d}
   (You found it on level 3 of the Dungeon)
 H - a ring of poison resistance (right claw) {rPois, !d}
   (You found it on level 6 of the Dungeon)
 I - a +4 ring of protection {unknown}
   (You took it off a centaur on level 7 of the Dungeon)
Wands
 n - a wand of paralysis (6)
   (You took it off an orc on level 4 of the Dungeon)
 q - a wand of disintegration (13)
   (You found it on level 4 of the Dungeon)
 s - a wand of polymorph (18)
   (You found it on level 3 of the Dungeon)
 J - a wand of random effects (31)
   (You found it on level 7 of the Dungeon)
Scrolls
 g - 3 scrolls of amnesia
 o - 5 scrolls of identify
 w - 2 scrolls of random uselessness
 y - a scroll of fear {unknown}
 B - 4 scrolls of remove curse
 D - 3 scrolls of blinking {!r}
 E - a scroll of enchant armour {unknown}
 G - a scroll of teleportation
Potions
 e - 4 potions of curing
 h - 2 potions of cancellation {unknown}
 i - 3 potions of flight
 j - 2 potions of mutation {unknown}
 m - 5 potions of brilliance
 z - 2 potions of lignification {unknown}
 A - a potion of degeneration {unknown}
Books
 K - a book of Conjurations
   (You found it on level 7 of the Dungeon)
Comestibles
 f - 17 rations
 F - a chunk of flesh {@w0}


   Skills:
 + Level 8.6 Fighting
 + Level 9.2 Maces & Flails
 - Level 2.4 Dodging
 - Level 2.4 Shields


You had 8 spell levels left.
You didn't know any spells.

Dungeon Overview and Level Annotations

Branches:
Dungeon (8/15)             Temple (1/1) D:6
   Lair: D:8-11

Altars:
Ashenzari
Cheibriados
Elyvilon
Fedhas
Gozag
Hepliaklqana
Kikubaaqudgha
Nemelex Xobeh
Okawaru
Qazlal
Ru
Sif Muna
Trog
Uskayaw
Vehumet
Xom
Yredelemnul
Zin
The Shining One

Shops:
D:4 *

Annotations:
D:8 Maurice


Innate Abilities, Weirdness & Mutations

You are too large for most types of armour.
You have claws for hands.
Your metabolism is lightning-fast.
You like to eat raw meat.
Your natural rate of healing is unusually fast.
You are covered in fur. (AC +1)
You have very tough skin. (AC +2)
You are hated by all.


Message History

You are too injured to fight recklessly!
You are too injured to fight recklessly!
You are too injured to fight recklessly!
You are too injured to fight recklessly!
You hit the orc warrior but do no damage.
The orc warrior is heavily wounded.
The phantom blinks!
You block the orc's attack.
The orc warrior hits you with a short sword.
You hit the orc warrior.
The orc warrior is severely wounded.
The orc priest calls upon Beogh to heal the orc warrior.
The orc warrior is healed somewhat.
You hit the orc warrior but do no damage.
The orc warrior is heavily wounded.
The orc warrior hits you with a short sword!
* * * LOW HITPOINT WARNING * * *
You block the orc's attack.
You barely miss the orc warrior.
The orc warrior is heavily wounded.
You block the orc warrior's attack. The orc hits you but does no damage.
The orc warrior barely misses you.
You feel better. You block the phantom's attack. You block the orc's attack.
The orc priest begins to pray, but is stunned by your will!
The orc warrior hits you with a short sword.
It was a potion of flight.
You feel very buoyant.
You fly up into the air.
You block the phantom's attack. The orc hits you but does no damage.
The orc warrior barely misses you.
It was a potion of agility.
You feel agile all of a sudden. You block the phantom's attack.
The orc completely misses you. The orc warrior closely misses you.
It was a potion of heal wounds.
You feel much better.
The phantom blinks!
You block the orc's attack. You block the orc warrior's attack.
You hit the orc warrior.
The orc warrior is severely wounded.
The orc hits you but does no damage.
The orc warrior hits you with a short sword.
You closely miss the orc warrior.
The orc warrior is severely wounded.
The orc hits you but does no damage. The orc warrior closely misses you.
You barely miss the orc warrior.
The orc warrior is severely wounded.
The orc priest calls down the wrath of Beogh upon you.
Beogh smites you! You block the orc's attack.
You block the orc warrior's attack.
You hit the orc warrior.
The orc warrior is almost dead.
The orc priest looks satisfied for a moment.
The orc warrior hits you with a short sword!
The orc hits you but does no damage.
The phantom begins to attack, but is stunned by your will!
You hit the orc warrior.
The orc warrior is almost dead.
The orc warrior barely misses you. The phantom hits you.
A phantom comes into view.
You thump the orc warrior!
You kill the orc warrior!
The phantom blinks!
You sock the orc priest!
The orc priest is heavily wounded.
The phantom is sucked into a shaft!
The shaft crumbles and collapses.
You bludgeon the orc!!
You kill the orc!
The orc throws a tomahawk of dispersal.
The orc priest calls upon Beogh to heal the orc priest.
The orc priest is healed somewhat.
The orc priest closely misses you. The jelly closely misses you.
You block the orc's attack.
Items here: ) [[ † a leather armour; a short sword; a chain mail; an orc corpse You sock the orc priest!
The orc priest is severely wounded.
A magic dart appears from out of thin air!
The magic dart hits you! You block the orc priest's attack.
You block the jelly's attack. The orc misses you.
The orc priest calls down the wrath of Beogh upon you.
Beogh smites you!
The orc priest invokes the aid of Beogh against you.
Beogh smites you!
* * * LOW HITPOINT WARNING * * *
Something hits you but does no damage. x2
You hit the phantom.
The phantom convulses.
The phantom is lightly damaged.
The phantom hits you.
* * * LOW HITPOINT WARNING * * *
The phantom blinks!
You sock the jelly!
Your claws burn!
* * * LOW HITPOINT WARNING * * *
The jelly is heavily wounded.
Something hits you but does no damage. The jelly hits you.
* * * LOW HITPOINT WARNING * * *
You are splashed with acid!
The acid burns!
* * * LOW HITPOINT WARNING * * *
You hear some strange, mumbled words.
A puff of flame appears from out of thin air!
The puff of flame hits you!
The orc priest mumbles some strange prayers to Beogh against you.
Beogh smites you!
You die...

#. .# #. .#
.#.# ...#
## #..#
....###..#
......ooo#
......#J##
..... #@#
#..W #{#
#.# #.# .
##.## #+#
#...# #.#
#...# #.#
#...# ##.##
#.###
#...#######
#.#


You could see a jelly, 2 orc priests and an orc.

Vanquished Creatures
  The ghost of Xelenos the Grappler, a novice MiMo (D:6)
  A hungry ghost (D:7)
  2 orc warriors
  A sky beast (D:7)
  2 ice beasts (D:8)
  An eye of draining (D:5)
  4 centaurs
  2 ogres
  A big kobold (Sewer)
  2 bullfrogs
  An elf skeleton (D:4)
  A gnoll sergeant (D:5)
  2 water moccasin zombies (Ossuary)
  2 scorpions
  4 wights (D:7)
  2 howler monkeys
  3 crimson imps
  A quasit (D:5)
  A jelly (D:5)
  A hound (D:7)
  A bullfrog skeleton (D:6)
  2 orc priests
  2 orc wizards
  3 iguanas
  2 human skeletons (D:4)
  4 worker ants
  A big kobold zombie (Ossuary)
  A hound skeleton (D:6)
  2 mummies (Ossuary)
  9 adders
  5 gnolls (D:5)
  A howler monkey skeleton (D:5)
  2 river rats (Sewer)
  A shadow imp (D:8)
  2 oozes
  2 adder skeletons
  2 adder zombies (Ossuary)
  4 worms
  A dart slug (D:1)
  8 leopard geckos
  18 orcs
  4 ball pythons
  7 bats
  7 giant cockroaches
  8 goblins
  12 hobgoblins
  9 jackals
  A quokka (D:3)
  6 frilled lizards
  2 gnoll zombies (Ossuary)
  7 hobgoblin zombies (Ossuary)
  14 kobolds
  A kobold zombie (Ossuary)
  2 orc skeletons (D:4)
  7 orc zombies
  A quokka skeleton (D:6)
  11 rats
207 creatures vanquished.

Vanquished Creatures (others)
  An orc (D:8)
1 creature vanquished.

Grand Total: 208 creatures vanquished

Notes
Turn   | Place    | Note
-------+----------+-------------------------------------------
     0 | D:1      | Mgcat the Troll Fighter began the quest for the Orb.
     0 | D:1      | Reached XP level 1. HP: 22/22 MP: 0/0
    95 | D:1      | Reached skill level 2 in Maces & Flails
   106 | D:1      | Reached XP level 2. HP: 29/29 MP: 1/1
   234 | D:1      | Reached skill level 3 in Fighting
   307 | D:1      | Reached XP level 3. HP: 37/37 MP: 2/2
  1027 | D:2      | Reached skill level 3 in Maces & Flails
  1225 | D:2      | Reached XP level 4. HP: 44/45 MP: 3/3
  1854 | D:3      | Found a sparkling altar of Nemelex Xobeh.
  2117 | D:3      | HP: 12/48 [orc wizard/dagger (5)]
  2122 | D:3      | HP: 12/48 [orc wizard/dagger (4)]
  2127 | D:3      | HP: 5/48 [orc wizard/dagger (2)]
  2128 | D:3      | Reached XP level 5. HP: 6/54 MP: 4/4
  2132 | D:3      | HP: 1/54 [orc/flail of holy wrath (4)]
  2403 | D:4      | Reached skill level 4 in Fighting
  2441 | D:4      | Found an opulent altar of Gozag.
  2446 | D:4      | Found Gozag's Platinum Reserve.
  2578 | D:4      | Reached skill level 4 in Maces & Flails
  2653 | D:4      | Reached XP level 6. HP: 62/62 MP: 5/5
  2812 | D:4      | Found a sand-covered staircase.
  2817 | Ossuary  | Entered an ossuary
  2932 | Ossuary  | Reached skill level 5 in Fighting
  2932 | Ossuary  | Reached skill level 5 in Maces & Flails
  2932 | Ossuary  | Reached XP level 7. HP: 51/72 MP: 6/6
  3429 | D:5      | Entered Level 5 of the Dungeon
  3622 | D:5      | Found a glowing drain.
  3668 | Sewer    | Entered a sewer
  3744 | Sewer    | Reached skill level 6 in Maces & Flails
  3770 | Sewer    | Found a glowing silver altar of Zin.
  4231 | D:5      | Reached skill level 6 in Fighting
  4231 | D:5      | Reached XP level 8. HP: 72/83 MP: 7/7
  4803 | D:6      | Noticed Xelenos's ghost (novice MiMo)
  4818 | D:6      | Killed Xelenos's ghost
  4818 | D:6      | Reached skill level 7 in Fighting
  4818 | D:6      | Reached skill level 7 in Maces & Flails
  4938 | D:6      | Reached XP level 9. HP: 68/93 MP: 8/8
  5260 | D:6      | Found a radiant altar of Vehumet.
  5293 | D:6      | Found a staircase to the Ecumenical Temple.
  5321 | Temple   | Entered the Ecumenical Temple
  5361 | Temple   | Became a worshipper of Ru the Awakened
  5538 | D:7      | Reached skill level 8 in Maces & Flails
  5690 | D:7      | HP: 24/96 [something (1)]
  5694 | D:7      | HP: 8/96 [something (5)]
  5695 | D:7      | HP: 2/96 [something (6)]
  5720 | D:7      | HP: 20/96 [something (1)]
  5745 | D:6      | HP: 24/96 [something (6)]
  5755 | D:5      | HP: 15/96 [sky beast (1)]
  5757 | D:5      | HP: 4/96 [sky beast (6)]
  5967 | D:7      | Found a hazy altar of Hepliaklqana.
  6040 | D:7      | Reached skill level 8 in Fighting
  6247 | D:7      | Found a shattered altar of Ashenzari.
  6249 | D:7      | Found a glowing silver altar of Zin.
  6602 | D:8      | Reached skill level 9 in Maces & Flails
  6645 | D:8      | Gained mutation: You are hated by all. [Ru sacrifice]
  6645 | D:8      | Reached * piety under Ru
  6726 | D:8      | Noticed Maurice
  6813 | D:8      | HP: 20/97 [orc priest/divine providence (12)]
  6816 | D:8      | HP: 6/97 [acid (8)]
  6816 | D:8      | Killed from afar by an orc priest

Skill      XL: |  1  2  3  4  5  6  7  8  9 |
---------------+----------------------------+-----
Maces & Flails | 2 3 4 5 6 7 9 |  9.2
Fighting       | 3 4 5 6 7 8 |  8.6
Dodging        | |  2.4
Shields        | |  2.4

Action                   |  1- 3 |  4- 6 |  7- 9 || total
-------------------------+-------+-------+-------++-------
Melee: Flail             |   103 |   220 |   330 ||   653
Throw: Tomahawk          |       |       |     2 ||     2
Invok: Sacrifice Love    |       |       |     1 ||     1
  Use: Potion            |       |     1 |     5 ||     6
       Scroll            |       |     6 |     5 ||    11
 Stab: Sleeping          |       |     1 |     1 ||     2
  Eat: Chunk             |    17 |    16 |    41 ||    74
       Ration            |       |       |     1 ||     1
Armor: Robe              |    28 |    68 |    81 ||   177
Dodge: Dodged            |    24 |    86 |    80 ||   190
Block: Shield            |    45 |    87 |   127 ||   259

Vault maps used:
D:1:      saegor_arrival_simple_d, minivault_25, roderic_serpentine_path,
          st_stairs_5, minivault_26
D:3:      st_stairs_6, minivault_14, nemelex_dance_club_becter
D:4:      nicolae_gozag_zags_fifth_avenue, nicolae_ossuary_entry_catacombs,
          first_ration
D:5:      gup_sewer_entry_pipe, kennysheep_generic_room_15
D:6:      kennysheep_mini_moat, minmay_temple_entry_nine_rooms
D:7:      nicolae_overflow_hidden_temple, basic_altar, nrook_uturn, minivault_11
D:8:      makhleb_grotto_becter, hangedman_little_slice_of_home,
          nicolae_dithmenos_through_a_glass_darkly, uniq_grum, uniq_maurice
Temple:   minmay_freezing_vapour_temple
Sewer:    sewer_kobolds
Ossuary:  ossuary_tomb_2

Table legend:
 A = Turns spent in this place as a percentage of turns spent in the entire game.
 B = Non-inter-level travel turns spent in this place as a percentage of non-inter-level travel turns spent in the entire game.
 C = Inter-level travel turns spent in this place as a percentage of turns spent in this place.
 D = Turns resting spent in this place as a percentage of non-inter-level travel turns spent in this place.
 E = Turns spent auto-exploring this place as a percentage of non-inter-level travel turns spent in this place.
 F = Non-inter-level travel turns spent in this place divided by the number of levels of this place that you've seen.
                   A       B       C       D       E      F
               +-------+-------+-------+-------+-------+----------------------
         Total | 100.0 | 100.0 |   3.6 |   0.5 |  73.7 | 597.6
       Dungeon |  93.8 |  93.6 |   3.8 |   0.5 |  75.7 | 769.0
        Temple |   0.7 |   0.7 |   0.0 |   0.0 |   0.0 |  46.0
         Sewer |   2.9 |   3.0 |   0.0 |   0.0 |  51.0 | 198.0
       Ossuary |   2.6 |   2.7 |   0.0 |   0.0 |  46.1 | 178.0
               +-------+-------+-------+-------+-------+----------------------

Table legend:
 A = Kills in this place as a percentage of kills in entire the game.
 B = Kills by you in this place as a percentage of kills by you in the entire game.
 C = Kills by friends in this place as a percentage of kills by friends in the entire game.
 D = Other kills in this place as a percentage of other kills in the entire game.
 E = Experience gained in this place as a percentage of experience gained in the entire game.
 F = Experience gained in this place divided by the number of levels of this place that you have seen.
                   A       B       C       D       E      F
               +-------+-------+-------+-------+-------+----------------------
         Total | 100.0 | 100.0 |   N/A |   N/A | 100.0 | 435.9
       Dungeon |  83.1 |  83.1 |   N/A |   N/A |  92.1 | 551.9
         Sewer |   5.8 |   5.8 |   N/A |   N/A |   2.8 | 132.0
       Ossuary |  11.1 |  11.1 |   N/A |   N/A |   5.2 | 248.0
               +-------+-------+-------+-------+-------+----------------------
